Mustangs vs Carnivores
Created - February 21, 2020 at 19:11
Goals
|
| Mustangs |
0 |
3 |
1 |
4 |
| Carnivores |
2 |
1 |
0 |
3 |
|
Shots
|
| Mustangs |
8 |
25 |
8 |
41 |
| Carnivores |
9 |
9 |
12 |
30 |
|
1st period
1. Carnivores , Curtis Lazar 8 (Chris Lawrence 38) at 1:13
2. Carnivores , Jeremy Welsh 17 (Lucas Wallmark 3) at 12:05
Penalties :
No Penalty
2nd period
3. Mustangs , Jonathan Drouin 16 (Melker Karlsson 42) at 2:44
4. Carnivores , Blake Geoffrion 34 (Markus Granlund 33) at 9:10 (PP)
5. Mustangs , Stefan Matteau 27 (Ben Harpur 14, Damon Severson 12) at 15:11
6. Mustangs , Melker Karlsson 31 (Jonathan Drouin 27, Josh Jooris 31) at 15:23
Penalties :
Curtis Hamilton (Ham) for Hooking (Minor) at 3:13, Joel Armia (Bre) for Tripping (Minor) at 6:44, Josh Ho-Sang (Ham) for Boarding (Minor) at 9:05, Tony DeAngelo (Bre) for Tripping (Minor) at 9:15, Josh Jooris (Ham) for Tripping (Minor) at 10:00, Riley Barber (Bre) for Hooking (Minor) at 12:18
3rd period
7. Mustangs , Melker Karlsson 32 (Josh Jooris 32, Jonathan Drouin 28) at 1:59
Penalties :
Josh Jooris (Ham) for Holding (Minor) at 6:10, Tony DeAngelo (Bre) for High sticking (Minor) at 9:01, Josh Jooris (Ham) for Cross-checking (Minor) at 18:56
Goalie Stats
Chet Pickard (Ham), 27 saves from 30 shots - (0.900), W, 23-11-1, 60:00 minutes
Tristan Jarry (Bre), 37 saves from 41 shots - (0.902), L, 5-12-1, 60:00 minutes
Players Stats for Mustangs
Player Name G A P +/- PIM S H SB GA TA FO MP PP MP PK MP
------------------------------------------------------------------------------------
Alexei Marchenko 0 0 0 0 0 4 1 0 1 2 0/0 27:09 3:51 3:24
Andreas Martinsen 0 0 0 0 0 2 0 1 2 1 0/0 15:56 2:39 3:29
Andrew O'Brien 0 0 0 0 0 3 0 1 0 0 0/0 13:53 0:00 2:27
Ben Harpur 0 1 1 2 0 2 0 3 0 0 0/0 22:17 2:51 3:00
Brayden Point 0 0 0 0 0 0 2 1 0 0 0/2 10:14 0:10 0:24
Chrstian Dvorak 0 0 0 -2 0 0 2 1 0 0 1/2 9:19 0:00 0:00
Craig Smith 0 0 0 1 0 3 0 0 2 0 0/0 15:15 2:57 0:17
Curtis Hamilton 0 0 0 1 2 0 1 0 0 0 0/1 13:15 0:10 1:02
Dakota Mermis 0 0 0 0 0 1 0 0 0 1 0/0 16:55 2:51 2:27
Damon Severson 0 1 1 2 0 0 1 0 0 0 0/0 19:56 3:51 0:00
Iven Barbashev 0 0 0 -2 0 3 0 0 1 0 4/9 9:11 0:00 0:00
Jonathan Drouin 1 2 3 3 0 5 3 0 1 0 0/1 19:22 3:53 0:00
Josh Ho-Sang 0 0 0 -2 2 0 1 0 0 0 0/0 9:10 0:00 0:00
Josh Jooris 0 2 2 3 6 6 2 0 0 0 0/0 20:52 3:52 1:03
Max Gortz 0 0 0 0 0 1 1 1 0 0 0/0 8:54 0:00 0:00
Melker Karlsson 2 1 3 3 0 7 3 0 1 0 29/48 23:36 3:29 3:19
Roman Josi 0 0 0 0 0 1 2 0 0 0 0/0 19:50 0:00 0:24
Stefan Matteau 1 0 1 1 0 3 1 1 0 0 6/9 17:46 2:55 2:08
Players Stats for Carnivores
Player Name G A P +/- PIM S H SB GA TA FO MP PP MP PK MP
------------------------------------------------------------------------------------
Anton Gustafsson 0 0 0 -2 0 3 1 2 0 0 18/41 22:02 2:27 3:44
Blake Geoffrion 1 0 1 0 0 4 4 0 1 0 0/1 17:12 3:00 0:00
Chris Lawrence 0 1 1 -3 0 3 2 2 2 2 1/1 26:38 2:27 3:52
Curtis Lazar 1 0 1 -1 0 2 0 0 0 0 2/6 5:03 0:00 0:00
David Fischer 0 0 0 -3 0 3 2 1 1 1 0/0 28:11 3:10 4:11
Hunter Shinkaruk 0 0 0 0 0 0 0 0 0 0 0/0 2:48 0:00 1:47
Jeremy Welsh 1 0 1 1 0 4 1 1 0 1 0/1 11:46 0:00 0:00
Joel Armia 0 0 0 0 2 1 2 1 0 0 0/2 17:17 3:00 0:00
Lucas Wallmark 0 1 1 1 0 0 1 0 0 0 4/5 11:46 0:00 0:00
Mark McNeill 0 0 0 0 0 0 0 0 0 0 0/0 0:00 0:00 0:00
Markus Granlund 0 1 1 0 0 1 5 1 0 0 7/14 19:44 3:24 1:52
Mat Clark 0 0 0 0 0 1 2 1 0 0 0/0 22:04 2:41 4:11
Mattias Backman 0 0 0 1 0 1 1 1 0 1 0/0 14:02 0:00 2:31
Nicolas Kerdiles 0 0 0 -1 0 2 1 0 0 0 0/0 8:30 0:24 2:09
Oskar Lindblom 0 0 0 -2 0 0 1 1 0 1 0/1 16:47 2:27 0:00
Riley Barber 0 0 0 1 2 1 1 0 0 1 0/0 12:04 0:00 0:00
T.J Brodie 0 0 0 0 0 1 1 3 0 1 0/0 22:10 2:41 2:31
Tony DeAngelo 0 0 0 -3 4 3 2 5 0 0 0/0 21:56 3:34 0:00
Trevor Van Riemsdyk 0 0 0 1 0 0 0 0 0 0 0/0 12:00 0:00 0:00
3 Stars
1 - Melker Karlsson (Ham)
2 - Jonathan Drouin (Ham)
3 - Stefan Matteau (Ham)
Power Play
Mustangs - 0 on 4 Attempt(s) - 0.00%
Carnivores - 1 on 5 Attempt(s) - 20.00%
Penalty Kill
Mustangs - 4 on 5 Attempt(s) - 80.00%
- Score 0 goal in Penalty Kill
Carnivores - 4 on 4 Attempt(s) - 100.00%
- Score 0 goal in Penalty Kill
Team Stat
Mustangs - Hits : 20 - Faceoff Wins : 40 - Blocked Shots : 9 - Penalty Minutes : 10
Carnivores - Hits : 27 - Faceoff Wins : 32 - Blocked Shots : 19 - Penalty Minutes : 8
Official
Referees : Unknown
Linesman : Unknown
Game Notes
No Game Note
Finance
Level 1 -- Attendance: 1368 (68.40%) -- Ticket Income $54,720
Level 2 -- Attendance: 609 (60.90%) -- Ticket Income $12,180
Total Attendance: 1977 (65.90%)
Total Ticket Income: $66,900
Other Income: $3,345
Total Income: $70,245
Mustangs
5 vs 5 Forward
Center Left Wing Right Wing Time % Phy DF OF
1 Melker Karlsson Jonathan Drouin Josh Jooris 40 1 2 2
2 Stefan Matteau Curtis Hamilton Craig Smith 30 1 2 2
3 Brayden Point Andreas Martinsen Max Gortz 20 1 2 2
4 Iven Barbashev Chrstian Dvorak Josh Ho-Sang 10 1 2 2
5 vs 5 Defense
Defense Defense Time % Phy DF OF
1 Alexei Marchenko Roman Josi 44 1 2 2
2 Ben Harpur Damon Severson 33 1 2 2
3 Andrew O'Brien Dakota Mermis 23 1 2 2
4 Alexei Marchenko Roman Josi 0 1 2 2
PowerPlay Forward
Center Left Wing Right Wing Time % Phy DF OF
1 Melker Karlsson Jonathan Drouin Josh Jooris 60 1 2 2
2 Stefan Matteau Andreas Martinsen Craig Smith 40 1 2 2
PowerPlay Defense
Defense Defense Time % Phy DF OF
1 Alexei Marchenko Damon Severson 60 1 2 2
2 Ben Harpur Dakota Mermis 40 1 2 2
Penalty Kill 4 Players Forward
Center Wing Time % Phy DF OF
1 Melker Karlsson Josh Jooris 60 1 2 2
2 Stefan Matteau Craig Smith 40 1 2 2
Penalty Kill 4 Players Defense
Defense Defense Time % Phy DF OF
1 Alexei Marchenko Ben Harpur 60 1 2 2
2 Dakota Mermis Andrew O'Brien 40 1 2 2
Penalty Kill - 3 Players Forward
Forward Time % Phy DF OF
1 Melker Karlsson 60 1 2 2
2 Stefan Matteau 40 1 2 2
Penalty Kill - 3 Players Defense
Defense Defense Time % Phy DF OF
1 Alexei Marchenko Ben Harpur 60 1 2 2
2 Dakota Mermis Andrew O'Brien 40 1 2 2
4 vs 4 Forward
Center Wing Time % Phy DF OF
1 Melker Karlsson Josh Jooris 60 1 2 2
2 Stefan Matteau Craig Smith 40 1 2 2
4 vs 4 Defense
Defense Defense Time % Phy DF OF
1 Alexei Marchenko Roman Josi 60 1 2 2
2 Ben Harpur Damon Severson 40 1 2 2
Last Minutes Offensive
Center Left Wing Right Wing Defense Defense
Melker Karlsson Jonathan Drouin Josh Jooris Alexei Marchenko Roman Josi
Last Minutes Defensive
Center Left Wing Right Wing Defense Defense
Melker Karlsson Chrstian Dvorak Josh Jooris Alexei Marchenko Roman Josi
Goaltenders
Starting : Chet Pickard
Backup : Anthony Stolarz
Extra Forwards
Normal : Melker Karlsson, Stefan Matteau, Brayden Point - PP : Josh Jooris, Craig Smith - PK : Melker Karlsson
Extra Defensemen
Normal : Ben Harpur, Damon Severson, Roman Josi - PP : Damon Severson - PK : Ben Harpur, Andrew O'Brien
Penalty Shots
Josh Jooris, Melker Karlsson, Stefan Matteau, Brayden Point, Jonathan Drouin
Scratches
Ryan Graves (Healthy), Matthew Finn (Healthy), Danny Biega (Healthy), Jim O'Brien (Healthy), Kurtis Gabriel (Healthy)
Raphael Bussieres (Healthy), Sam Kurker (Healthy), Brett Pollock (Healthy), Steven Spinner (Healthy), Joacim Eriksson (Healthy)
Carnivores
5 vs 5 Forward
Center Left Wing Right Wing Time % Phy DF OF
1 Anton Gustafsson Oskar Lindblom Chris Lawrence 40 1 2 2
2 Markus Granlund Blake Geoffrion Joel Armia 30 1 2 2
3 Curtis Lazar Nicolas Kerdiles Chris Lawrence 20 1 2 2
4 Lucas Wallmark Jeremy Welsh Riley Barber 10 1 2 2
5 vs 5 Defense
Defense Defense Time % Phy DF OF
1 David Fischer Tony DeAngelo 40 1 2 2
2 Mat Clark T.J Brodie 30 1 2 2
3 Trevor Van Riemsdyk Mattias Backman 20 1 2 2
4 David Fischer T.J Brodie 10 1 2 2
PowerPlay Forward
Center Left Wing Right Wing Time % Phy DF OF
1 Markus Granlund Blake Geoffrion Joel Armia 60 1 2 2
2 Anton Gustafsson Oskar Lindblom Chris Lawrence 40 1 2 2
PowerPlay Defense
Defense Defense Time % Phy DF OF
1 David Fischer Tony DeAngelo 60 1 2 2
2 Mat Clark T.J Brodie 40 1 2 2
Penalty Kill 4 Players Forward
Center Wing Time % Phy DF OF
1 Anton Gustafsson Chris Lawrence 60 1 2 2
2 Markus Granlund Nicolas Kerdiles 40 1 2 2
Penalty Kill 4 Players Defense
Defense Defense Time % Phy DF OF
1 Mat Clark David Fischer 60 1 2 2
2 Mattias Backman T.J Brodie 40 1 2 2
Penalty Kill - 3 Players Forward
Forward Time % Phy DF OF
1 Chris Lawrence 60 1 2 2
2 Anton Gustafsson 40 1 2 2
Penalty Kill - 3 Players Defense
Defense Defense Time % Phy DF OF
1 Mat Clark David Fischer 60 1 2 2
2 Mattias Backman T.J Brodie 40 1 2 2
4 vs 4 Forward
Center Wing Time % Phy DF OF
1 Anton Gustafsson Chris Lawrence 60 1 3 1
2 Markus Granlund Nicolas Kerdiles 40 1 3 1
4 vs 4 Defense
Defense Defense Time % Phy DF OF
1 David Fischer Tony DeAngelo 60 1 4 0
2 Mat Clark T.J Brodie 40 1 4 0
Last Minutes Offensive
Center Left Wing Right Wing Defense Defense
Anton Gustafsson Blake Geoffrion Chris Lawrence Tony DeAngelo T.J Brodie
Last Minutes Defensive
Center Left Wing Right Wing Defense Defense
Anton Gustafsson Nicolas Kerdiles Chris Lawrence Mat Clark David Fischer
Goaltenders
Starting : Tristan Jarry
Backup : Niklas Svedberg
Extra Forwards
Normal : Hunter Shinkaruk, Markus Granlund, Anton Gustafsson - PP : Hunter Shinkaruk, Anton Gustafsson - PK : Hunter Shinkaruk
Extra Defensemen
Normal : Trevor Van Riemsdyk, Tony DeAngelo, Mattias Backman - PP : Trevor Van Riemsdyk - PK : Tony DeAngelo, Mattias Backman
Penalty Shots
Blake Geoffrion, Anton Gustafsson, Markus Granlund, Joel Armia, Chris Lawrence
Scratches
Scott Laughton (Bruised Right Shoulder Injury), Ryan Olsen (Healthy), Adam Almquist (Healthy), Stanislav Galiev (Healthy), Mark MacMillan (Healthy)
Troy Bourke (Healthy), Alexandre Mallet (Healthy), Andreas Englund (Sprained Left Ankle Injury), Josh Wesley (Healthy), Linus Ullmark (Healthy)
% Time on Ice - Mustangs
Lines # - Real PCT - Wanted PCT - Time Play
Normal Forward
1 - 35% - 40% - 15:59
2 - 26% - 30% - 12:01
3 - 19% - 20% - 8:54
4 - 20% - 10% - 9:11
Normal Defense
1 - 41% - 44% - 18:57
2 - 34% - 33% - 15:53
3 - 24% - 23% - 11:15
4 - 0% - 0% - 0:00
PP Forward
1 - 58% - 60% - 3:53
2 - 42% - 40% - 2:49
PP Defense
1 - 57% - 60% - 3:51
2 - 43% - 40% - 2:51
PK Forward
1 - 95% - 60% - 5:34
2 - 5% - 40% - 0:17
PK Defense
1 - 58% - 60% - 3:24
2 - 42% - 40% - 2:27
PK3 Forward
1 - 0% - 60%
2 - 0% - 40%
PK3 Defense
1 - 0% - 60%
2 - 0% - 40%
44 Forward
1 - 100% - 60% - 1:14
2 - 0% - 40% - 0:00
44 Defense
1 - 77% - 60% - 0:57
2 - 23% - 40% - 0:17
Last Minute Offensive - 0:00
Last Minute Defensive - 0:08
Total
Forward - 60:00
Defense - 60:00
|
% Time on Ice - Carnivores
Lines # - Real PCT - Wanted PCT - Time Play
Normal Forward
1 - 32% - 40% - 14:35
2 - 32% - 30% - 14:42
3 - 11% - 20% - 5:03
4 - 26% - 10% - 11:46
Normal Defense
1 - 40% - 40% - 18:29
2 - 32% - 30% - 14:54
3 - 24% - 20% - 11:11
4 - 3% - 10% - 1:32
PP Forward
1 - 51% - 60% - 3:00
2 - 49% - 40% - 2:51
PP Defense
1 - 54% - 60% - 3:10
2 - 46% - 40% - 2:41
PK Forward
1 - 81% - 60% - 5:26
2 - 19% - 40% - 1:16
PK Defense
1 - 62% - 60% - 4:11
2 - 38% - 40% - 2:31
PK3 Forward
1 - 0% - 60%
2 - 0% - 40%
PK3 Defense
1 - 0% - 60%
2 - 0% - 40%
44 Forward
1 - 78% - 60% - 0:58
2 - 22% - 40% - 0:16
44 Defense
1 - 66% - 60% - 0:49
2 - 34% - 40% - 0:25
Last Minute Offensive - 0:07
Last Minute Defensive - 0:00
Total
Forward - 60:00
Defense - 60:00
|
Play-by-Play
1st period
0:01 of 1st period - Melker Karlsson wins face-off versus Anton Gustafsson in neutral zone.
0:06 of 1st period - David Fischer is hit by Roman Josi and loses puck.
0:15 of 1st period - Snap shot by Melker Karlsson.
0:15 of 1st period - Shot Misses the Net.
0:25 of 1st period - Markus Granlund is hit by Curtis Hamilton and loses puck.
0:38 of 1st period - Craig Smith is hit by Blake Geoffrion and loses puck.
0:59 of 1st period - Slapshot by Andreas Martinsen.
0:59 of 1st period - Shot Misses the Net.
1:11 of 1st period - Snap shot by Curtis Lazar.
1:11 of 1st period - Stopped by Chet Pickard with a rebound.
1:13 of 1st period - Snap shot by Curtis Lazar.
1:13 of 1st period - Goal by Curtis Lazar - Mustangs : 0 - Carnivores : 1.
1:14 of 1st period - Anton Gustafsson wins face-off versus Melker Karlsson in neutral zone.
1:39 of 1st period - David Fischer is hit by Chrstian Dvorak and loses puck.
1:46 of 1st period - Chrstian Dvorak is hit by Joel Armia and loses puck.
2:16 of 1st period - Icing by Damon Severson.
2:17 of 1st period - Curtis Lazar wins face-off versus Stefan Matteau in Mustangs zone.
2:42 of 1st period - Wrist shot by Joel Armia.
2:42 of 1st period - Shot Misses the Net.
2:44 of 1st period - Slapshot by David Fischer.
2:44 of 1st period - Shot Misses the Net.
2:46 of 1st period - Slapshot by David Fischer.
2:46 of 1st period - Shot Blocked by Ben Harpur.
3:00 of 1st period - Craig Smith is hit by Riley Barber.
3:22 of 1st period - Snap shot by Craig Smith.
3:22 of 1st period - Deflect By Stefan Matteau.
3:22 of 1st period - Shot Blocked by Tony DeAngelo.
3:22 of 1st period - Puck is out of play.
3:23 of 1st period - Melker Karlsson wins face-off versus Anton Gustafsson in Carnivores zone.
3:24 of 1st period - Snap shot by Josh Jooris.
3:24 of 1st period - Deflect By Jonathan Drouin.
3:24 of 1st period - Stopped by Tristan Jarry without a rebound.
3:25 of 1st period - Melker Karlsson wins face-off versus Oskar Lindblom in Carnivores zone.
3:26 of 1st period - Wrist shot by Josh Jooris.
3:26 of 1st period - Shot Misses the Net.
4:17 of 1st period - Wrist shot by Jeremy Welsh.
4:17 of 1st period - Shot Misses the Net.
4:19 of 1st period - Slapshot by Trevor Van Riemsdyk.
4:19 of 1st period - Shot Misses the Net.
4:27 of 1st period - Roman Josi is hit by Jeremy Welsh and loses puck.
4:40 of 1st period - Slapshot by Melker Karlsson.
4:40 of 1st period - Stopped by Tristan Jarry without a rebound.
4:41 of 1st period - Curtis Lazar wins face-off versus Jonathan Drouin in Carnivores zone.
4:46 of 1st period - Wrist shot by Josh Jooris.
4:46 of 1st period - Shot Misses the Net.
4:52 of 1st period - Slapshot by Josh Jooris.
4:52 of 1st period - Deflect By Jonathan Drouin.
4:52 of 1st period - Shot Blocked by Chris Lawrence.
4:52 of 1st period - Puck is out of play.
4:53 of 1st period - Melker Karlsson wins face-off versus Anton Gustafsson in Carnivores zone.
4:56 of 1st period - Snap shot by Melker Karlsson.
4:56 of 1st period - Shot Misses the Net.
5:18 of 1st period - Blake Geoffrion is hit by Alexei Marchenko and loses puck.
5:58 of 1st period - Wrist shot by Jeremy Welsh.
5:58 of 1st period - Shot Misses the Net.
6:00 of 1st period - Snap shot by Jeremy Welsh.
6:00 of 1st period - Shot Blocked by Chrstian Dvorak.
6:36 of 1st period - Ben Harpur is hit by Markus Granlund and loses puck.
6:44 of 1st period - Icing by Damon Severson.
6:45 of 1st period - Stefan Matteau wins face-off versus Curtis Lazar in Mustangs zone.
6:50 of 1st period - Wrist shot by Chris Lawrence.
6:50 of 1st period - Shot Misses the Net.
6:58 of 1st period - Snap shot by Craig Smith.
6:58 of 1st period - Shot Misses the Net.
7:38 of 1st period - Trevor Van Riemsdyk is hit by Brayden Point and loses puck.
8:59 of 1st period - Slapshot by Joel Armia.
8:59 of 1st period - Shot Misses the Net.
9:01 of 1st period - Slapshot by T.J Brodie.
9:01 of 1st period - Stopped by Chet Pickard without a rebound.
9:02 of 1st period - Stefan Matteau wins face-off versus Joel Armia in Mustangs zone.
9:07 of 1st period - David Fischer is hit by Stefan Matteau and loses puck.
9:26 of 1st period - Chris Lawrence is hit by Jonathan Drouin and loses puck.
9:51 of 1st period - Andrew O'Brien is hit by T.J Brodie and loses puck.
10:15 of 1st period - Slapshot by Craig Smith.
10:15 of 1st period - Shot Misses the Net.
10:17 of 1st period - Slapshot by Alexei Marchenko.
10:17 of 1st period - Shot Misses the Net.
10:42 of 1st period - T.J Brodie is hit by Chrstian Dvorak.
10:56 of 1st period - Wrist shot by Anton Gustafsson.
10:56 of 1st period - Shot Misses the Net.
10:58 of 1st period - Slapshot by Tony DeAngelo.
10:58 of 1st period - Stopped by Chet Pickard without a rebound.
10:59 of 1st period - Anton Gustafsson wins face-off versus Melker Karlsson in Mustangs zone.
11:59 of 1st period - Slapshot by Josh Ho-Sang.
11:59 of 1st period - Deflect By Iven Barbashev.
11:59 of 1st period - Shot Blocked by Jeremy Welsh.
11:59 of 1st period - Puck is out of play.
12:00 of 1st period - Lucas Wallmark wins face-off versus Iven Barbashev in Carnivores zone.
12:05 of 1st period - Snap shot by Jeremy Welsh.
12:05 of 1st period - Goal by Jeremy Welsh - Mustangs : 0 - Carnivores : 2.
12:06 of 1st period - Anton Gustafsson wins face-off versus Melker Karlsson in neutral zone.
12:08 of 1st period - Off-side.
12:09 of 1st period - Anton Gustafsson wins face-off versus Melker Karlsson in neutral zone.
12:45 of 1st period - Roman Josi is hit by David Fischer and loses puck.
13:02 of 1st period - Max Gortz is hit by David Fischer and loses puck.
13:28 of 1st period - Dakota Mermis is hit by Mattias Backman and loses puck.
13:48 of 1st period - Snap shot by Iven Barbashev.
13:48 of 1st period - Stopped by Tristan Jarry without a rebound.
13:49 of 1st period - Melker Karlsson wins face-off versus Joel Armia in Carnivores zone.
13:52 of 1st period - Wrist shot by Melker Karlsson.
13:52 of 1st period - Shot Blocked by Tony DeAngelo.
14:00 of 1st period - Wrist shot by Josh Jooris.
14:00 of 1st period - Stopped by Tristan Jarry with a rebound.
14:23 of 1st period - Wrist shot by Chris Lawrence.
14:23 of 1st period - Shot Misses the Net.
14:25 of 1st period - Backhand shot by David Fischer.
14:25 of 1st period - Stopped by Chet Pickard without a rebound.
14:26 of 1st period - Anton Gustafsson wins face-off versus Brayden Point in Mustangs zone.
14:29 of 1st period - Snap shot by Anton Gustafsson.
14:29 of 1st period - Shot Blocked by Andreas Martinsen.
14:35 of 1st period - Snap shot by Chris Lawrence.
14:35 of 1st period - Shot Blocked by Max Gortz.
14:37 of 1st period - Slapshot by T.J Brodie.
14:37 of 1st period - Shot Misses the Net.
14:39 of 1st period - Backhand shot by Chris Lawrence.
14:39 of 1st period - Shot Misses the Net.
14:53 of 1st period - Snap shot by Jeremy Welsh.
14:53 of 1st period - Shot Blocked by Andrew O'Brien.
15:15 of 1st period - Wrist shot by Stefan Matteau.
15:15 of 1st period - Stopped by Tristan Jarry with a rebound.
15:17 of 1st period - Slapshot by Andrew O'Brien.
15:17 of 1st period - Shot Misses the Net.
15:19 of 1st period - Wrist shot by Andrew O'Brien.
15:19 of 1st period - Stopped by Tristan Jarry with a rebound.
15:21 of 1st period - Slapshot by Dakota Mermis.
15:21 of 1st period - Stopped by Tristan Jarry with a rebound.
15:37 of 1st period - Alexei Marchenko is hit by Chris Lawrence.
15:54 of 1st period - T.J Brodie is hit by Max Gortz and loses puck.
17:45 of 1st period - Off-side.
17:46 of 1st period - Melker Karlsson wins face-off versus Anton Gustafsson in neutral zone.
17:51 of 1st period - Snap shot by Josh Jooris.
17:51 of 1st period - Stopped by Tristan Jarry without a rebound.
17:52 of 1st period - Anton Gustafsson wins face-off versus Melker Karlsson in Carnivores zone.
18:03 of 1st period - Andrew O'Brien is hit by Mat Clark.
18:13 of 1st period - Slapshot by Mat Clark.
18:13 of 1st period - Stopped by Chet Pickard without a rebound.
18:14 of 1st period - Stefan Matteau wins face-off versus Curtis Lazar in Mustangs zone.
18:23 of 1st period - Slapshot by Stefan Matteau.
18:23 of 1st period - Shot Blocked by Tony DeAngelo.
18:43 of 1st period - Alexei Marchenko is hit by Mat Clark and loses puck.
19:23 of 1st period - Slapshot by Max Gortz.
19:23 of 1st period - Shot Blocked by Tony DeAngelo.
19:38 of 1st period - Off-side.
19:39 of 1st period - Markus Granlund wins face-off versus Curtis Hamilton in neutral zone.
19:44 of 1st period - Wrist shot by Markus Granlund.
19:44 of 1st period - Shot Misses the Net.
19:46 of 1st period - Slapshot by Blake Geoffrion.
19:46 of 1st period - Stopped by Chet Pickard with a rebound.
19:50 of 1st period - Snap shot by Blake Geoffrion.
19:50 of 1st period - Shot Misses the Net.
19:52 of 1st period - Wrist shot by Blake Geoffrion.
19:52 of 1st period - Stopped by Chet Pickard without a rebound.
19:53 of 1st period - Anton Gustafsson wins face-off versus Melker Karlsson in Mustangs zone.
Goals for this period are 0 for Mustangs vs 2 for Carnivores.
Shots for this period are 8 for Mustangs vs 9 for Carnivores.
2nd period
0:01 of 2nd period - Anton Gustafsson wins face-off versus Melker Karlsson in neutral zone.
0:06 of 2nd period - Icing by Roman Josi.
0:07 of 2nd period - Melker Karlsson wins face-off versus Anton Gustafsson in Mustangs zone.
0:18 of 2nd period - Snap shot by Jonathan Drouin.
0:18 of 2nd period - Shot Blocked by Oskar Lindblom.
0:20 of 2nd period - Snap shot by Alexei Marchenko.
0:20 of 2nd period - Stopped by Tristan Jarry without a rebound.
0:21 of 2nd period - Melker Karlsson wins face-off versus Anton Gustafsson in Carnivores zone.
0:24 of 2nd period - Wrist shot by Jonathan Drouin.
0:24 of 2nd period - Stopped by Tristan Jarry with a rebound.
0:26 of 2nd period - Snap shot by Jonathan Drouin.
0:26 of 2nd period - Deflect By Melker Karlsson.
0:26 of 2nd period - Shot Blocked by Chris Lawrence.
0:26 of 2nd period - Puck is out of play.
0:27 of 2nd period - Anton Gustafsson wins face-off versus Melker Karlsson in Carnivores zone.
0:32 of 2nd period - Jonathan Drouin is hit by Anton Gustafsson and loses puck.
0:49 of 2nd period - Snap shot by Jonathan Drouin.
0:49 of 2nd period - Deflect By Chris Lawrence.
0:49 of 2nd period - Shot Misses the Net.
0:49 of 2nd period - Puck is out of play.
0:50 of 2nd period - Markus Granlund wins face-off versus Stefan Matteau in Carnivores zone.
0:55 of 2nd period - Andrew O'Brien is hit by Blake Geoffrion and loses puck.
1:06 of 2nd period - Slapshot by Stefan Matteau.
1:06 of 2nd period - Shot Blocked by Joel Armia.
1:16 of 2nd period - Andrew O'Brien is hit by Nicolas Kerdiles and loses puck.
1:25 of 2nd period - Wrist shot by Chris Lawrence.
1:25 of 2nd period - Stopped by Chet Pickard without a rebound.
1:26 of 2nd period - Anton Gustafsson wins face-off versus Melker Karlsson in Mustangs zone.
1:51 of 2nd period - Roman Josi is hit by Tony DeAngelo and loses puck.
2:24 of 2nd period - Slapshot by T.J Brodie.
2:24 of 2nd period - Shot Misses the Net.
2:36 of 2nd period - Slapshot by Josh Jooris.
2:36 of 2nd period - Deflect By Melker Karlsson.
2:36 of 2nd period - Stopped by Tristan Jarry without a rebound.
2:37 of 2nd period - Melker Karlsson wins face-off versus Curtis Lazar in Carnivores zone.
2:44 of 2nd period - Slapshot by Jonathan Drouin.
2:44 of 2nd period - Goal by Jonathan Drouin - Mustangs : 1 - Carnivores : 2.
2:45 of 2nd period - Melker Karlsson wins face-off versus Anton Gustafsson in neutral zone.
3:13 of 2nd period - Minor Penalty to Curtis Hamilton for Hooking.
3:14 of 2nd period - Melker Karlsson wins face-off versus Markus Granlund in Mustangs zone.
5:13 of 2nd period - Penalty to Curtis Hamilton is over, Curtis Hamilton is back on ice.
5:20 of 2nd period - Slapshot by Jeremy Welsh.
5:20 of 2nd period - Stopped by Chet Pickard without a rebound.
5:21 of 2nd period - Iven Barbashev wins face-off versus Lucas Wallmark in Mustangs zone.
5:32 of 2nd period - Snap shot by Damon Severson.
5:32 of 2nd period - Shot Blocked by Mattias Backman.
5:34 of 2nd period - Snap shot by Iven Barbashev.
5:34 of 2nd period - Shot Misses the Net.
5:36 of 2nd period - Slapshot by Ben Harpur.
5:36 of 2nd period - Stopped by Tristan Jarry without a rebound.
5:37 of 2nd period - Melker Karlsson wins face-off versus Curtis Lazar in Carnivores zone.
5:48 of 2nd period - Wrist shot by Nicolas Kerdiles.
5:48 of 2nd period - Stopped by Chet Pickard without a rebound.
5:49 of 2nd period - Melker Karlsson wins face-off versus Anton Gustafsson in Mustangs zone.
6:21 of 2nd period - Slapshot by Joel Armia.
6:21 of 2nd period - Stopped by Chet Pickard without a rebound.
6:22 of 2nd period - Melker Karlsson wins face-off versus Markus Granlund in Mustangs zone.
6:22 of 2nd period - Melker Karlsson is hit by Markus Granlund.
6:30 of 2nd period - Slapshot by Josh Jooris.
6:30 of 2nd period - Shot Blocked by T.J Brodie.
6:32 of 2nd period - Slapshot by Melker Karlsson.
6:32 of 2nd period - Shot Misses the Net.
6:34 of 2nd period - Slapshot by Andrew O'Brien.
6:34 of 2nd period - Shot Blocked by T.J Brodie.
6:36 of 2nd period - Wrist shot by Melker Karlsson.
6:36 of 2nd period - Shot Misses the Net.
6:38 of 2nd period - Slapshot by Andrew O'Brien.
6:38 of 2nd period - Stopped by Tristan Jarry with a rebound.
6:44 of 2nd period - Minor Penalty to Joel Armia for Tripping.
6:45 of 2nd period - Anton Gustafsson wins face-off versus Melker Karlsson in Carnivores zone.
7:47 of 2nd period - Snap shot by T.J Brodie.
7:47 of 2nd period - Shot Misses the Net.
8:21 of 2nd period - Alexei Marchenko is hit by Markus Granlund.
8:44 of 2nd period - Penalty to Joel Armia is over, Joel Armia is back on ice.
8:55 of 2nd period - Snap shot by Iven Barbashev.
8:55 of 2nd period - Stopped by Tristan Jarry without a rebound.
8:56 of 2nd period - Lucas Wallmark wins face-off versus Iven Barbashev in Carnivores zone.
8:56 of 2nd period - Lucas Wallmark is hit by Josh Ho-Sang.
9:05 of 2nd period - Minor Penalty to Josh Ho-Sang for Boarding.
9:06 of 2nd period - Markus Granlund wins face-off versus Melker Karlsson in Mustangs zone.
9:08 of 2nd period - Snap shot by Markus Granlund.
9:08 of 2nd period - Shot Misses the Net.
9:10 of 2nd period - Wrist shot by Blake Geoffrion.
9:10 of 2nd period - Deflect By Josh Jooris.
9:10 of 2nd period - Goal by Blake Geoffrion - Mustangs : 1 - Carnivores : 3.
9:11 of 2nd period - Anton Gustafsson wins face-off versus Melker Karlsson in neutral zone.
9:14 of 2nd period - Wrist shot by Anton Gustafsson.
9:14 of 2nd period - Shot Misses the Net.
9:15 of 2nd period - Minor Penalty to Tony DeAngelo for Tripping.
9:16 of 2nd period - Anton Gustafsson wins face-off versus Melker Karlsson in Carnivores zone.
9:31 of 2nd period - Snap shot by Josh Jooris.
9:31 of 2nd period - Stopped by Tristan Jarry without a rebound.
9:32 of 2nd period - Melker Karlsson wins face-off versus Anton Gustafsson in Carnivores zone.
9:37 of 2nd period - Wrist shot by Jonathan Drouin.
9:37 of 2nd period - Shot Misses the Net.
9:39 of 2nd period - Wrist shot by Melker Karlsson.
9:39 of 2nd period - Stopped by Tristan Jarry without a rebound.
9:40 of 2nd period - Melker Karlsson wins face-off versus Anton Gustafsson in Carnivores zone.
9:49 of 2nd period - Snap shot by Melker Karlsson.
9:49 of 2nd period - Stopped by Tristan Jarry with a rebound.
9:51 of 2nd period - Slapshot by Alexei Marchenko.
9:51 of 2nd period - Stopped by Tristan Jarry with a rebound.
9:53 of 2nd period - Slapshot by Alexei Marchenko.
9:53 of 2nd period - Deflect By Josh Jooris.
9:53 of 2nd period - Shot Misses the Net.
9:53 of 2nd period - Puck is out of play.
9:54 of 2nd period - Anton Gustafsson wins face-off versus Melker Karlsson in Carnivores zone.
9:54 of 2nd period - Anton Gustafsson is hit by Jonathan Drouin.
10:00 of 2nd period - Minor Penalty to Josh Jooris for Tripping.
10:01 of 2nd period - Melker Karlsson wins face-off versus Anton Gustafsson in Mustangs zone.
10:49 of 2nd period - Wrist shot by Nicolas Kerdiles.
10:49 of 2nd period - Stopped by Chet Pickard without a rebound.
10:50 of 2nd period - Melker Karlsson wins face-off versus Anton Gustafsson in Mustangs zone.
11:15 of 2nd period - Penalty to Tony DeAngelo is over, Tony DeAngelo is back on ice.
11:38 of 2nd period - Backhand shot by Nicolas Kerdiles.
11:38 of 2nd period - Deflect By Tony DeAngelo.
11:38 of 2nd period - Shot Misses the Net.
11:38 of 2nd period - Puck is out of play.
11:39 of 2nd period - Melker Karlsson wins face-off versus Markus Granlund in Mustangs zone.
12:00 of 2nd period - Penalty to Josh Jooris is over, Josh Jooris is back on ice.
12:02 of 2nd period - Josh Jooris is hit by Chris Lawrence and loses puck.
12:18 of 2nd period - Minor Penalty to Riley Barber for Hooking.
12:19 of 2nd period - Melker Karlsson wins face-off versus Anton Gustafsson in Carnivores zone.
12:20 of 2nd period - Snap shot by Josh Jooris.
12:20 of 2nd period - Shot Blocked by Mat Clark.
14:18 of 2nd period - Penalty to Riley Barber is over, Riley Barber is back on ice.
14:24 of 2nd period - Icing by Anton Gustafsson.
14:25 of 2nd period - Chrstian Dvorak wins face-off versus Anton Gustafsson in Carnivores zone.
14:34 of 2nd period - Slapshot by Iven Barbashev.
14:34 of 2nd period - Shot Misses the Net.
14:36 of 2nd period - Slapshot by Andrew O'Brien.
14:36 of 2nd period - Stopped by Tristan Jarry without a rebound.
14:37 of 2nd period - Iven Barbashev wins face-off versus Markus Granlund in Carnivores zone.
14:38 of 2nd period - Snap shot by Josh Ho-Sang.
14:38 of 2nd period - Shot Blocked by Markus Granlund.
15:07 of 2nd period - Slapshot by Damon Severson.
15:07 of 2nd period - Deflect By Stefan Matteau.
15:07 of 2nd period - Stopped by Tristan Jarry with a rebound.
15:09 of 2nd period - Slapshot by Ben Harpur.
15:09 of 2nd period - Stopped by Tristan Jarry with a rebound.
15:11 of 2nd period - Snap shot by Stefan Matteau.
15:11 of 2nd period - Goal by Stefan Matteau - Mustangs : 2 - Carnivores : 3.
15:12 of 2nd period - Melker Karlsson wins face-off versus Anton Gustafsson in neutral zone.
15:23 of 2nd period - Snap shot by Melker Karlsson.
15:23 of 2nd period - Goal by Melker Karlsson - Mustangs : 3 - Carnivores : 3.
15:24 of 2nd period - Anton Gustafsson wins face-off versus Melker Karlsson in neutral zone.
15:29 of 2nd period - Wrist shot by Jonathan Drouin.
15:29 of 2nd period - Stopped by Tristan Jarry with a rebound.
15:31 of 2nd period - Snap shot by Melker Karlsson.
15:31 of 2nd period - Stopped by Tristan Jarry without a rebound.
15:32 of 2nd period - Anton Gustafsson wins face-off versus Melker Karlsson in Carnivores zone.
16:38 of 2nd period - Riley Barber is hit by Melker Karlsson and loses puck.
17:02 of 2nd period - Off-side.
17:03 of 2nd period - Chris Lawrence wins face-off versus Iven Barbashev in neutral zone.
17:16 of 2nd period - Snap shot by Anton Gustafsson.
17:16 of 2nd period - Stopped by Chet Pickard without a rebound.
17:17 of 2nd period - Melker Karlsson wins face-off versus Anton Gustafsson in Mustangs zone.
17:28 of 2nd period - Snap shot by Melker Karlsson.
17:28 of 2nd period - Deflect By Josh Jooris.
17:28 of 2nd period - Stopped by Tristan Jarry with a rebound.
17:30 of 2nd period - Backhand shot by Alexei Marchenko.
17:30 of 2nd period - Shot Blocked by Anton Gustafsson.
17:32 of 2nd period - Wrist shot by Josh Jooris.
17:32 of 2nd period - Stopped by Tristan Jarry with a rebound.
17:42 of 2nd period - Craig Smith is hit by Blake Geoffrion and loses puck.
17:47 of 2nd period - Wrist shot by Markus Granlund.
17:47 of 2nd period - Shot Misses the Net.
18:05 of 2nd period - Snap shot by Alexei Marchenko.
18:05 of 2nd period - Stopped by Tristan Jarry with a rebound.
18:07 of 2nd period - Slapshot by Roman Josi.
18:07 of 2nd period - Shot Misses the Net.
18:11 of 2nd period - Slapshot by Roman Josi.
18:11 of 2nd period - Stopped by Tristan Jarry with a rebound.
18:13 of 2nd period - Wrist shot by Chrstian Dvorak.
18:13 of 2nd period - Shot Misses the Net.
18:45 of 2nd period - Slapshot by Jeremy Welsh.
18:45 of 2nd period - Stopped by Chet Pickard with a rebound.
18:56 of 2nd period - Off-side.
18:57 of 2nd period - Melker Karlsson wins face-off versus Anton Gustafsson in neutral zone.
19:04 of 2nd period - Snap shot by Melker Karlsson.
19:04 of 2nd period - Shot Blocked by Anton Gustafsson.
19:06 of 2nd period - Slapshot by Dakota Mermis.
19:06 of 2nd period - Shot Blocked by Tony DeAngelo.
19:08 of 2nd period - Snap shot by Melker Karlsson.
19:08 of 2nd period - Shot Misses the Net.
19:22 of 2nd period - Curtis Hamilton is hit by Markus Granlund.
19:32 of 2nd period - Snap shot by Markus Granlund.
19:32 of 2nd period - Stopped by Chet Pickard with a rebound.
19:48 of 2nd period - Snap shot by Max Gortz.
19:48 of 2nd period - Stopped by Tristan Jarry with a rebound.
19:50 of 2nd period - Snap shot by Andreas Martinsen.
19:50 of 2nd period - Stopped by Tristan Jarry with a rebound.
19:52 of 2nd period - Slapshot by Dakota Mermis.
19:52 of 2nd period - Shot Blocked by T.J Brodie.
19:54 of 2nd period - Wrist shot by Andreas Martinsen.
19:54 of 2nd period - Stopped by Tristan Jarry without a rebound.
19:55 of 2nd period - Markus Granlund wins face-off versus Melker Karlsson in Carnivores zone.
19:55 of 2nd period - David Fischer is hit by Josh Jooris and loses puck.
Goals for this period are 3 for Mustangs vs 1 for Carnivores.
Shots for this period are 25 for Mustangs vs 9 for Carnivores.
3rd period
0:01 of 3rd period - Melker Karlsson wins face-off versus Anton Gustafsson in neutral zone.
0:30 of 3rd period - Wrist shot by Craig Smith.
0:30 of 3rd period - Stopped by Tristan Jarry without a rebound.
0:31 of 3rd period - Stefan Matteau wins face-off versus Blake Geoffrion in Carnivores zone.
0:36 of 3rd period - Wrist shot by Craig Smith.
0:36 of 3rd period - Stopped by Tristan Jarry without a rebound.
0:37 of 3rd period - Stefan Matteau wins face-off versus Anton Gustafsson in Carnivores zone.
1:23 of 3rd period - Off-side.
1:24 of 3rd period - Lucas Wallmark wins face-off versus Iven Barbashev in neutral zone.
1:52 of 3rd period - Tony DeAngelo is hit by Melker Karlsson and loses puck.
1:57 of 3rd period - Snap shot by Josh Jooris.
1:57 of 3rd period - Stopped by Tristan Jarry with a rebound.
1:59 of 3rd period - Snap shot by Melker Karlsson.
1:59 of 3rd period - Goal by Melker Karlsson - Mustangs : 4 - Carnivores : 3.
2:00 of 3rd period - Melker Karlsson wins face-off versus Anton Gustafsson in neutral zone.
2:14 of 3rd period - Snap shot by Anton Gustafsson.
2:14 of 3rd period - Stopped by Chet Pickard with a rebound.
2:16 of 3rd period - Wrist shot by Tony DeAngelo.
2:16 of 3rd period - Stopped by Chet Pickard with a rebound.
2:26 of 3rd period - Joel Armia is hit by Roman Josi and loses puck.
5:13 of 3rd period - Slapshot by Tony DeAngelo.
5:13 of 3rd period - Stopped by Chet Pickard with a rebound.
5:15 of 3rd period - Snap shot by Lucas Wallmark.
5:15 of 3rd period - Shot Blocked by Stefan Matteau.
5:25 of 3rd period - Mat Clark is hit by Brayden Point and loses puck.
5:59 of 3rd period - Joel Armia is hit by Josh Jooris and loses puck.
6:10 of 3rd period - Minor Penalty to Josh Jooris for Holding.
6:11 of 3rd period - Melker Karlsson wins face-off versus Markus Granlund in Mustangs zone.
6:11 of 3rd period - Melker Karlsson is hit by Blake Geoffrion.
6:23 of 3rd period - Slapshot by David Fischer.
6:23 of 3rd period - Deflect By Blake Geoffrion.
6:23 of 3rd period - Stopped by Chet Pickard without a rebound.
6:24 of 3rd period - Melker Karlsson wins face-off versus Markus Granlund in Mustangs zone.
6:33 of 3rd period - Ben Harpur is hit by Joel Armia and loses puck.
7:00 of 3rd period - Slapshot by T.J Brodie.
7:00 of 3rd period - Shot Blocked by Ben Harpur.
7:02 of 3rd period - Backhand shot by Anton Gustafsson.
7:02 of 3rd period - Stopped by Chet Pickard with a rebound.
8:10 of 3rd period - Penalty to Josh Jooris is over, Josh Jooris is back on ice.
8:18 of 3rd period - Iven Barbashev is hit by Lucas Wallmark and loses puck.
8:25 of 3rd period - Slapshot by Mattias Backman.
8:25 of 3rd period - Stopped by Chet Pickard without a rebound.
8:26 of 3rd period - Iven Barbashev wins face-off versus Jeremy Welsh in Mustangs zone.
8:31 of 3rd period - Slapshot by Jeremy Welsh.
8:31 of 3rd period - Deflect By Damon Severson.
8:31 of 3rd period - Stopped by Chet Pickard without a rebound.
8:32 of 3rd period - Lucas Wallmark wins face-off versus Chrstian Dvorak in Mustangs zone.
8:32 of 3rd period - Lucas Wallmark is hit by Damon Severson.
8:34 of 3rd period - Slapshot by David Fischer.
8:34 of 3rd period - Stopped by Chet Pickard with a rebound.
8:38 of 3rd period - Slapshot by Jeremy Welsh.
8:38 of 3rd period - Shot Misses the Net.
8:40 of 3rd period - Wrist shot by Riley Barber.
8:40 of 3rd period - Stopped by Chet Pickard with a rebound.
8:44 of 3rd period - Wrist shot by Jeremy Welsh.
8:44 of 3rd period - Deflect By Riley Barber.
8:44 of 3rd period - Shot Blocked by Ben Harpur.
8:44 of 3rd period - Puck is out of play.
8:45 of 3rd period - Melker Karlsson wins face-off versus Anton Gustafsson in Mustangs zone.
8:45 of 3rd period - Melker Karlsson is hit by Oskar Lindblom.
8:59 of 3rd period - Wrist shot by Jonathan Drouin.
8:59 of 3rd period - Shot Misses the Net.
9:01 of 3rd period - Minor Penalty to Tony DeAngelo for High sticking.
9:02 of 3rd period - Anton Gustafsson wins face-off versus Melker Karlsson in Carnivores zone.
11:01 of 3rd period - Penalty to Tony DeAngelo is over, Tony DeAngelo is back on ice.
11:12 of 3rd period - Snap shot by Iven Barbashev.
11:12 of 3rd period - Stopped by Tristan Jarry with a rebound.
11:14 of 3rd period - Slapshot by Alexei Marchenko.
11:14 of 3rd period - Stopped by Tristan Jarry without a rebound.
11:15 of 3rd period - Iven Barbashev wins face-off versus Markus Granlund in Carnivores zone.
11:15 of 3rd period - Iven Barbashev is hit by Tony DeAngelo.
11:17 of 3rd period - Slapshot by Alexei Marchenko.
11:17 of 3rd period - Shot Blocked by David Fischer.
11:26 of 3rd period - Slapshot by David Fischer.
11:26 of 3rd period - Stopped by Chet Pickard without a rebound.
11:27 of 3rd period - Anton Gustafsson wins face-off versus Brayden Point in Mustangs zone.
11:36 of 3rd period - Slapshot by T.J Brodie.
11:36 of 3rd period - Shot Blocked by Brayden Point.
13:16 of 3rd period - Andreas Martinsen is hit by Markus Granlund and loses puck.
13:47 of 3rd period - Slapshot by Craig Smith.
13:47 of 3rd period - Stopped by Tristan Jarry without a rebound.
13:48 of 3rd period - Markus Granlund wins face-off versus Stefan Matteau in Carnivores zone.
14:41 of 3rd period - Wrist shot by Chris Lawrence.
14:41 of 3rd period - Stopped by Chet Pickard with a rebound.
14:43 of 3rd period - Snap shot by Oskar Lindblom.
14:43 of 3rd period - Deflect By Anton Gustafsson.
14:43 of 3rd period - Shot Misses the Net.
14:43 of 3rd period - Puck is out of play.
14:44 of 3rd period - Markus Granlund wins face-off versus Iven Barbashev in Mustangs zone.
15:12 of 3rd period - Wrist shot by Jeremy Welsh.
15:12 of 3rd period - Shot Misses the Net.
16:04 of 3rd period - Snap shot by Melker Karlsson.
16:04 of 3rd period - Shot Misses the Net.
16:06 of 3rd period - Slapshot by Jonathan Drouin.
16:06 of 3rd period - Stopped by Tristan Jarry with a rebound.
16:18 of 3rd period - Snap shot by Chris Lawrence.
16:18 of 3rd period - Stopped by Chet Pickard without a rebound.
16:19 of 3rd period - Stefan Matteau wins face-off versus Anton Gustafsson in Mustangs zone.
16:28 of 3rd period - Wrist shot by Craig Smith.
16:28 of 3rd period - Shot Misses the Net.
18:08 of 3rd period - Off-side.
18:09 of 3rd period - Markus Granlund wins face-off versus Melker Karlsson in neutral zone.
18:34 of 3rd period - Mat Clark is hit by Jonathan Drouin and loses puck.
18:56 of 3rd period - Minor Penalty to Josh Jooris for Cross-checking.
18:57 of 3rd period - Melker Karlsson wins face-off versus Anton Gustafsson in Mustangs zone.
19:04 of 3rd period - Tony DeAngelo is hit by Melker Karlsson and loses puck.
Goals for this period are 1 for Mustangs vs 0 for Carnivores.
Shots for this period are 8 for Mustangs vs 12 for Carnivores.
Back to the Top